 Dungeon Crawl Stone Soup version 0.24-a0-22-g2a401c0 (console) character file.

Game seed: 9944106491277297601

1022 Voker57 the Slasher (level 8, -4/54 HPs)
             Began as a Demonspawn Gladiator on Feb 1, 2019.
             Was an Initiate of Hepliaklqana.
             Slain by a mummy (6 damage)
             ... in an ossuary.
             The game lasted 00:06:39 (4119 turns).

Voker57 the Slasher (Demonspawn Gladiator)          Turns: 4119, Time: 00:06:41

Health: -4/54      AC: 12    Str: 16    XL:     8   Next: 2%
Magic:  8/8        EV: 15    Int:  9    God:    Hepliaklqana [......]
Gold:   191        SH:  0    Dex: 16    Spells: 7/7 levels left

rFire    + . .     SeeInvis .   a - +1 long sword
rCold    + . .     Gourm    .   (no shield)
rNeg     . . .     Faith    .   b - +0 leather armour
rPois    .         Spirit   .   c - +0 helmet
rElec    .         Reflect  .   (no cloak)
rCorr    .         Harm     .   n - +1 pair of gloves
MR       .....                  (no boots)
Stlth    +++.......             (no amulet)
HPRegen  0.18/turn              l - ring of protection from fire
MPRegen  0.11/turn              (no ring)

@: about to teleport, marked, sanguine armour
A: reduced essence, talons 1, cold resistance 1, nightstalker 2, sanguine armour
1
a: Recall Ancestor, Ancestor Identity, Renounce Religion


You were in an ossuary.
You worshipped Hepliaklqana.
Hepliaklqana was noncommittal.
You were near starving.

You visited 1 branch of the dungeon, and saw 5 of its levels.
You also visited: Ossuary.

You collected 191 gold pieces.

Inventory:

Hand Weapons
 a - a +1 long sword (weapon)
Missiles
 d - 3 throwing nets
 z - 6 javelins (quivered)
Armour
 b - a +0 leather armour (worn)
 c - a +0 helmet (worn)
 n - a +1 pair of gloves (worn)
Jewellery
 g - an uncursed ring of wizardry
 l - a ring of protection from fire (left hand)
 q - a cursed ring of attention
 s - an uncursed ring of positive energy {unknown}
 u - a cursed amulet of magic regeneration {unknown}
 y - a +2 ring of dexterity {unknown}
Scrolls
 h - a scroll of random uselessness
 i - 4 scrolls of teleportation
 o - a scroll of remove curse
 w - a scroll of fog
Potions
 j - a potion of resistance {unknown}
 k - 4 potions of might {unknown}
 m - 3 potions of ambrosia {unknown}
 p - a potion of curing {unknown}
 r - a potion of lignification {unknown}
 t - a potion of berserk rage
 v - a potion of brilliance {unknown}
 x - a potion of heal wounds {unknown}
Comestibles
 f - 7 rations


   Skills:
 + Level 4.9 Fighting
 * Level 6.6 Long Blades
 - Level 1.7 Throwing
 + Level 5.0 Dodging


You had 7 spell levels left.
You didn't know any spells.
Your spell library contained the following spells:

 Spells                   Type           Power        Failure   Level  Hunger
 Magic Dart               Conj           #...         45%         1    ##.....
 Blink                    Tloc           N/A          58%         2    ###....
 Call Imp                 Summ           #.......     58%         2    ###....
 Slow                     Hex            #.......     58%         2    ###....
 Conjure Flame            Conj/Fire      #.......     83%         3    ####...
 Mephitic Cloud           Conj/Pois/Air  #.......     83%         3    ####...


Dungeon Overview and Level Annotations

Branches:
Dungeon (5/15)
 Temple: D:4-7

Altars:
Hepliaklqana
Sif Muna
The Shining One


Innate Abilities, Weirdness & Mutations

You have sharp toenails.
Your flesh is cold resistant. (rC+)
You are significantly more attuned to the shadows.
When seriously injured, your bleeding wounds create armour. (AC +6)
Your life essence is reduced to manifest your ancestor. (-10% HP)


Message History

You struggle against the net.
The centaur zombie hits you but does no damage.
The mummy hits you. The mummy hits you!
* * * LOW HITPOINT WARNING * * *
The big kobold zombie hits you.
* * * LOW HITPOINT WARNING * * *
The centaur zombie hits you but does no damage.
As you read the scroll of teleportation, it crumbles to dust.
You feel strangely unstable.
The centaur zombie hits you but does no damage.
Okay, then.
You rip the net and break free!
The big kobold zombie barely misses you.
The centaur zombie hits you but does no damage.
The mummy hits you!
* * * LOW HITPOINT WARNING * * *
The mummy hits you but does no damage.
Enheduana barely misses the big kobold zombie.
The mummy hits you.
You die...

#############
.#.#.#.#.#.#.#########
.^....^....§.....Z....
...............§.Z....
^.......^.Z§§.^Z∩.∩...
^...MMZ...^§..........
...ZM@ZR^....R........
.#.#.#.#.#.#.#########
# ###########


You could see the friendly Enheduana the ancestor, 3 mummies, 3 big kobold
zombies and a centaur zombie.

Vanquished Creatures
  Edmund (D:4)
  2 ogres
  A centaur (D:3)
  A howler monkey (D:3)
  A crimson imp (D:3)
  A centaur zombie (Ossuary)
  3 orc priests
  A bullfrog skeleton (D:4)
  Natasha (twice) (D:4)
  A worker ant (D:4)
  3 mummies (Ossuary)
  5 adders
  An ooze (D:2)
  2 adder skeletons (D:4)
  3 worms
  4 leopard geckos
  14 orcs
  5 bats
  4 giant cockroaches
  6 goblins
  6 hobgoblins
  11 jackals
  2 quokkas
  3 frilled lizards
  3 hobgoblin zombies (Ossuary)
  9 kobolds
  6 rats
101 creatures vanquished.

Vanquished Creatures (collateral kills)
  A phantom (D:4)
  A howler monkey (D:4)
  An orc wizard (D:4)
  A jackal (D:4)
  A hobgoblin zombie (Ossuary)
5 creatures vanquished.

Grand Total: 106 creatures vanquished

Notes
Turn   | Place    | Note
-------+----------+-------------------------------------------
     0 | D:1      | Voker57 the Demonspawn Gladiator began the quest for the
                  | Orb.
     0 | D:1      | Reached XP level 1. HP: 16/16 MP: 1/1
   200 | D:1      | Reached skill level 3 in Long Blades
   206 | D:1      | Gained mutation: You have sharp toenails. [demonic
                  | ancestry]
   206 | D:1      | Reached XP level 2. HP: 22/22 MP: 2/2
   541 | D:1      | Gained mutation: When seriously injured, your bleeding
                  | wounds create armour. (AC +6) [demonic ancestry]
   541 | D:1      | Reached XP level 3. HP: 20/28 MP: 3/3
  1323 | D:2      | Found a glowing golden altar of the Shining One.
  1944 | D:3      | Noticed a centaur
  2120 | D:2      | Reached XP level 4. HP: 28/34 MP: 4/4
  2373 | D:3      | Killed a centaur
  2373 | D:3      | Reached skill level 4 in Long Blades
  2373 | D:3      | Gained mutation: You are slightly more attuned to the
                  | shadows. [demonic ancestry]
  2373 | D:3      | Reached XP level 5. HP: 23/41 MP: 5/5
  2736 | D:3      | Reached XP level 6. HP: 43/47 MP: 6/6
  2773 | D:3      | Reached skill level 5 in Long Blades
  3145 | D:4      | Noticed Edmund
  3164 | D:4      | Killed Edmund
  3164 | D:4      | Gained mutation: You are significantly more attuned to the
                  | shadows. [demonic ancestry]
  3164 | D:4      | Reached XP level 7. HP: 54/54 MP: 7/7
  3287 | D:4      | Found a hazy altar of Hepliaklqana.
  3299 | D:4      | Became a worshipper of Hepliaklqana the Forgotten
  3333 | D:4      | Reached skill level 6 in Long Blades
  3468 | D:4      | Noticed Natasha
  3474 | D:4      | Killed Natasha
  3594 | D:4      | Found a deep blue altar of Sif Muna.
  3616 | D:4      | Noticed Natasha
  3630 | D:4      | Killed Natasha
  3941 | D:5      | Entered Level 5 of the Dungeon
  3990 | D:5      | Found a sand-covered staircase.
  3995 | Ossuary  | Entered an ossuary
  4007 | Ossuary  | Reached skill level 5 in Dodging
  4103 | Ossuary  | Gained mutation: Your flesh is cold resistant. (rC+)
                  | [demonic ancestry]
  4103 | Ossuary  | Reached XP level 8. HP: 45/54 MP: 8/8
  4119 | Ossuary  | HP: 2/54 [mummy (9)]
  4119 | Ossuary  | Slain by a mummy

Vault maps used:
D:1:      dpeg_arrival_water_temple_mockup, serial_forest,
          infiniplex_forest_clump_large, infiniplex_forest_lined_3_way,
          infiniplex_forest_clump_tiny, infiniplex_forest_lined_1,
          infiniplex_forest_straight_5, infiniplex_forest_clump_medium,
          infiniplex_forest_join, infiniplex_forest_straight_3,
          infiniplex_forest_clump_medium, infiniplex_forest_straight_4,
          chequers_serial_rivers_micro_b
D:2:      tso_altar
D:4:      lemuel_crystal_altar, led_sif_pool, uniq_natasha, uniq_edmund
D:5:      kennysheep_steamy, first_ration,
          nicolae_ossuary_entry_false_entrances,
          minmay_guarded_unrand_staff_of_olgreb
Ossuary:  ossuary_the_hunt_dpeg

Skill      XL: |  1  2  3  4  5  6  7 |
---------------+----------------------+-----
Long Blades    | 3 4 5 6 |  6.6
Dodging        | 3 4 5 |  5.0
Fighting       | 3 4 |  4.9
Throwing       | |  1.7

Action                   |  1- 3 |  4- 6 |  7- 9 || total
-------------------------+-------+-------+-------++-------
Melee: Long sword        |    98 |    85 |    73 ||   256
       Kick              |    25 |    32 |    40 ||    97
Throw: Throwing net      |     1 |       |     1 ||     2
       Javelin           |       |       |     4 ||     4
  Use: Scroll            |     8 |     4 |     2 ||    14
       Potion            |       |     1 |       ||     1
 Stab: Sleeping          |     2 |     4 |     4 ||    10
       Distracted        |       |       |     1 ||     1
  Eat: Chunk             |     2 |     5 |     2 ||     9
Armor: Leather armour    |    37 |    29 |    30 ||    96
Dodge: Dodged            |    80 |    49 |    77 ||   206
       Rpst.: Long sword |    26 |    13 |    22 ||    61

Table legend:
 A = Non-vault XP
 B = Vault XP
 C = Vault XP percentage of total XP
 D = Non-vault monster count
 E = Vault monster count
 F = Vault count percentage of total count
                 A         B        C        D         E       F
            +---------+---------+-------+---------+---------+-------
      Total |    1174 |     286 |  19.6 |      96 |      10 |   9.4
            +---------+---------+-------+---------+---------+-------
        D:1 |      46 |       0 |   0.0 |      28 |       0 |   0.0
        D:2 |      68 |       0 |   0.0 |      11 |       0 |   0.0
        D:3 |     530 |       0 |   0.0 |      29 |       0 |   0.0
        D:4 |     530 |     183 |  25.7 |      28 |       2 |   6.7
    Ossuary |       0 |     103 | 100.0 |       0 |       8 | 100.0
            +---------+---------+-------+---------+---------+-------
